 Dungeon Crawl Stone Soup version 0.21-a0-476-gd103f4b (webtiles) character file.

200 esteth the Sneak (level 5, -5/24 HPs)
             Began as a Spriggan Enchanter on Nov 22, 2017.
             Slain by an ogre
             ... wielding a +0 giant club
              (29 damage)
             ... on level 4 of the Dungeon.
             The game lasted 00:06:11 (3059 turns).

esteth the Sneak (Spriggan Enchanter)               Turns: 3059, Time: 00:06:12

Health: -5/24      AC:  2    Str: 10    XL:     5   Next: 49%
Magic:  8/10       EV: 18    Int: 17    God:
Gold:   155        SH:  0    Dex: 17    Spells: 3/9 levels left

rFire    . . .     SeeInvis +   a - +1 dagger
rCold    . . .     Gourm    .   (shield restricted)
rNeg     . . .     Faith    .   b - +0 robe
rPois    .         Spirit   .   (helmet restricted)
rElec    .         Reflect  .   (no cloak)
rCorr    .         Harm     .   (gloves unavailable)
MR       .....                  (boots unavailable)
Stlth    +++++.....             (no amulet)
HPRegen  0.08/turn              l - +6 ring of strength
MPRegen  0.12/turn              t - ring of stealth

@: very quick
A: unfitting armour, see invisible, herbivore 3, speed 3, slow metabolism 2
a: no special abilities


You were on level 4 of the Dungeon.
You were not hungry.

You visited 1 branch of the dungeon, and saw 4 of its levels.

You collected 155 gold pieces.

Inventory:

Hand Weapons
 a - a +1 dagger (weapon)
Armour
 b - a +0 robe (worn)
Jewellery
 g - a +2 ring of protection
 l - a +6 ring of strength (left hand)
 t - a ring of stealth (right hand)
Scrolls
 e - 6 scrolls of identify
 f - a scroll of teleportation {unknown}
 h - 3 scrolls of random uselessness {unknown}
 i - 2 scrolls of enchant armour {unknown}
 r - 3 scrolls of remove curse {unknown}
Potions
 j - a potion of brilliance {unknown}
 k - a potion of lignification {unknown}
 m - a potion of berserk rage {unknown}
 n - a potion of mutation {unknown}
 o - a potion of degeneration {unknown}
 p - a potion of magic {unknown}
 q - 3 potions of curing {unknown}
 u - a potion of flight {unknown}
 v - a potion of ambrosia {unknown}
Books
 c - a book of Maledictions

   Spells                             Type                      Level
   a - Corona                         Hexes                        1
   b - Ensorcelled Hibernation        Hexes/Ice                    2
   c - Confuse                        Hexes                        3
   d - Tukima's Dance                 Hexes                        3
   e - Dazzling Spray                 Conjuration/Hexes            3
Comestibles
 d - 3 bread rations
 s - a royal jelly


   Skills:
 - Level 1.1 Short Blades
 - Level 3.0 Dodging
 + Level 7.9 Stealth
 - Level 2.6 Spellcasting
 + Level 4.5 Hexes
 + Level 2.0 Ice Magic


You had 3 spell levels left.
You knew the following spells:

 Your Spells              Type           Power        Failure   Level  Hunger
a - Corona                Hex            ###....      2%          1    #......
b - Ensorcelled Hibernat  Hex/Ice        ##....       7%          2    ##.....
c - Confuse               Hex            ###.....     9%          3    ###....


Dungeon Overview and Level Annotations

Branches:
Dungeon (4/15)
 Temple: D:4-7

Altars:


Innate Abilities, Weirdness & Mutations

You are very small and have problems with some larger weapons.
You are too small for most types of armour.
You have supernaturally acute eyesight. (SInv)
You are a herbivore.
You cover ground extremely quickly.
You need consume almost no food.


Message History

You climb downwards.
Found a mace.
There is a stone staircase leading up here.
An ogre comes into view. It is wielding a giant club.
The ogre shouts!
You see here a lumpy white potion.
You see here a lumpy white potion.
Casting: Confuse
Confirm with . or Enter, or press ? or * to list all spells.
Aiming: Ensorcelled Hibernation
Press: ? - help, Shift-Dir - straight line, f - ogre
Aim: an ogre, wielding a giant club (chance to defeat MR: 44%)
The ogre looks drowsy...
You see here a lumpy white potion.
The helpless ogre fails to defend itself.
You impale the ogre!!
The ogre is almost dead.
The ogre hits you with a giant club!!
Ouch! That really hurt!
You die...

#.# ### #.# ..# #.# #
##..##.## .. .......
.. #..#.# .# #.#<# ..
#####..#########.###
..............@O....#
....)....########.#.#
######.#.# .. #.#..
... ...... ###
####.## ... ##.


You could see an ogre.

Vanquished Creatures
  A phantom (D:3)
  A centaur skeleton (D:2)
  5 adders
  A worm (D:2)
  2 dart slugs
  6 ball pythons (D:2)
  5 bats
  3 giant cockroaches (D:2)
  3 goblins
  5 hobgoblins
  2 frilled lizards (D:3)
  2 kobolds
  9 rats
45 creatures vanquished.

Notes
Turn   | Place    | Note
-------+----------+-------------------------------------------
     0 | D:1      | esteth the Spriggan Enchanter began the quest for the Orb.
     0 | D:1      | Reached XP level 1. HP: 9/9 MP: 5/5
    46 | D:1      | Reached skill level 5 in Stealth
   118 | D:1      | Reached XP level 2. HP: 13/13 MP: 6/6
   126 | D:1      | Learned a level 2 spell: Ensorcelled Hibernation
   850 | D:2      | Reached skill level 6 in Stealth
   872 | D:2      | Reached XP level 3. HP: 16/16 MP: 8/8
  1303 | D:2      | Reached skill level 1 in Ice Magic
  1312 | D:2      | Reached skill level 7 in Stealth
  1609 | D:2      | Reached XP level 4. HP: 21/21 MP: 6/9
  1673 | D:3      | Noticed a phantom
  2078 | D:2      | Learned a level 3 spell: Confuse
  2744 | D:3      | Killed a phantom
  2744 | D:3      | Reached XP level 5. HP: 24/24 MP: 6/10
  3049 | D:4      | Noticed an ogre
  3059 | D:4      | Slain by an ogre

Vault maps used:
D:1:      eino_arrival_tree_alley
D:2:      nicolae_overflow_hidden_temple, first_bread, minmay_snake_closets

Skill      XL: |  1  2  3  4 |
---------------+-------------+-----
Stealth        | 5 6 7 |  7.9
Ice Magic      | 1 2 |  2.0
Hexes          | 4 |  4.5
Short Blades   | |  1.1
Dodging        | |  3.0
Spellcasting   | |  2.6

Action                   |  1- 3 |  4- 6 || total
-------------------------+-------+-------++-------
Melee: Dagger            |    83 |    80 ||   163
 Cast: Ensorcelled Hiber |     1 |     1 ||     2
       Confuse           |       |     1 ||     1
  Use: Scroll            |       |     1 ||     1
       Potion            |       |     1 ||     1
 Stab: Sleeping          |    16 |     6 ||    22
       Confused          |       |     3 ||     3
       Distracted        |       |     1 ||     1
Armor: Robe              |     6 |     6 ||    12
Dodge: Dodged            |    57 |    47 ||   104

Table legend:
 A = Spawn XP
 B = Non-spawn XP
 C = Spawn XP percentage of total XP
 D = Spawn monster count
 E = Non-spawn monster count
 F = Spawn count percentage of total count
 G = Total turns spent on level
                    A         B        C        D         E        F      G
               +---------+---------+-------+---------+---------+-------+---------
         Total |       0 |     287 |   0.0 |       0 |      45 |   0.0 |  3059
               +---------+---------+-------+---------+---------+-------+---------
           D:1 |       0 |      19 |   0.0 |       0 |      11 |   0.0 |   460
           D:2 |       0 |     116 |   0.0 |       0 |      21 |   0.0 |  1456
           D:3 |       0 |     152 |   0.0 |       0 |      13 |   0.0 |  1129
               +---------+---------+-------+---------+---------+-------+---------
